 Dungeon Crawl Stone Soup version 0.29.1-13-g9f3cf754e1 (webtiles) character file.

Game seed: 14402074061185396873

30142 MacCMillion the Geomancer (level 13, 0/83 HPs)
             Began as a Gargoyle Earth Elementalist on Jan 20, 2023.
             Was an Elder of Vehumet.
             Slain by a seven-headed hydra (6 damage)
             ... on level 4 of the Lair of Beasts.
             The game lasted 00:54:52 (18601 turns).

MacCMillion the Geomancer (GrEE)                   Turns: 18601, Time: 00:54:53

Health: 0/83       AC: 22    Str: 16    XL:     13   Next: 49%
Magic:  34/34      EV: 11    Int: 23    God:    Vehumet [****..]
Gold:   1409       SH:  0    Dex:  8    Spells: 16/28 levels left

rFire   + . .      SeeInvis .   P - +2 dagger (venom)
rCold   . . .      Faith    .   (no shield)
rNeg    + . .      Spirit   .   Z - +4 leather armour "Wijagail" {Rampage Regen+ Int+3 Dex-2}
rPois   ∞          Reflect  .   y - +1 helmet
rElec   +          Harm     .   t - +2 cloak
rCorr   .          Rampage  +   W - +0 pair of gloves {Str+3}
Will    .....                   (no boots)
Stlth   ++........              L - amulet of magic regeneration
HPRegen 1.03/turn               K - ring of protection from fire
MPRegen 0.64/turn               V - ring of magical power

@: about to teleport
A: sickness immunity, AC +9, negative energy resistance 1, electricity
resistance, torment resistance 1, petrification resistance
a: Renounce Religion


You were on level 4 of the Lair of Beasts.
You worshipped Vehumet.
Vehumet was greatly pleased with you.
You visited 3 branches of the dungeon, and saw 17 of its levels.

You collected 2000 gold pieces.
You spent 591 gold pieces at shops.

Inventory:

Hand Weapons
 u - a +4 morningstar
 P - a +2 dagger of venom (weapon)
Missiles
 d - a throwing net
 g - 14 atropa-tipped darts
 n - a curare-tipped dart
Armour
 t - a +2 cloak (worn)
 x - a +0 buckler
 y - a +1 helmet (worn)
 W - a +0 pair of gloves of strength (worn)
 Z - the +4 leather armour "Wijagail" (worn) {Rampage Regen+ Int+3 Dex-2}
   (You found it on level 3 of the Lair of Beasts)

   Int:       It affects your intelligence (+3).
   Dex:       It affects your dexterity (-2).
   Regen:     It increases your rate of health regeneration.
   Rampage:   It bestows one free step when moving towards enemies.
Jewellery
 e - a +6 ring of intelligence
 v - an amulet of faith
 w - a ring of wizardry
 F - an amulet of reflection
 G - a +6 ring of dexterity
 K - a ring of protection from fire (left hand)
 L - an amulet of magic regeneration (around neck)
 N - a ring of see invisible
 Q - a ring of protection from fire
 S - a ring of wizardry
 V - a ring of magical power (right hand)
Wands
 a - a wand of roots (1)
 q - a wand of flame (36)
 R - a wand of quicksilver (9)
Scrolls
 c - a scroll of enchant armour
 f - 4 scrolls of magic mapping
 h - 3 scrolls of enchant weapon
 i - 4 scrolls of poison
 j - 5 scrolls of teleportation
 m - a scroll of fear
 A - 3 scrolls of amnesia
 B - a scroll of brand weapon
 C - 2 scrolls of blinking
 D - 3 scrolls of vulnerability
 E - a scroll of silence
 J - a scroll of noise
 M - a scroll of fog
 U - a scroll of immolation
 X - a scroll of identify
Potions
 b - 2 potions of magic
 k - 4 potions of heal wounds
 l - 3 potions of mutation
 o - 7 potions of curing
 p - 2 potions of brilliance
 r - 2 potions of lignification
 s - 4 potions of haste
 z - 3 potions of might
 H - 5 potions of ambrosia
 I - 4 potions of flight
 O - 6 potions of attraction
 Y - a potion of resistance
Miscellaneous
 T - a phantom mirror


   Skills:
 - Level 10.4 Fighting
 - Level 1.5 Dodging
 - Level 5.0 Stealth
 - Level 8.0 Spellcasting
 - Level 5.0 Conjurations
 - Level 3.0 Hexes
 + Level 10.8 Summonings
 + Level 5.4 Translocations
 - Level 0.7 Transmutations
 - Level 7.0 Fire Magic
 - Level 11.0 Earth Magic
 - Level 3.0 Evocations


You had 16 spell levels left.
You knew the following spells:

 Your Spells              Type           Power      Damage    Failure   Level
a - Sandblast             Erth           100%       2d20      1%          1
b - Stone Arrow           Conj/Erth      92%        3d12      1%          3
c - Inner Flame           Hex/Fire       32%        N/A       1%          3
d - Scorch                Fire           82%        2d9       1%          2
e - Teleport Other        Tloc           34%        N/A       2%          3

Your spell library contained the following spells:

 Spells                   Type           Power      Damage    Failure   Level
 Lightning Bolt           Conj/Air       10%        1d23      21%         5
 Passwall                 Tmut/Erth      30%        N/A       1%          2
 Lee's Rapid Deconstruct  Erth           28%        3d16*     1%          5
 Gell's Gravitas          Tloc           34%        N/A       2%          3
 Lesser Beckoning         Tloc           34%        N/A       2%          3
 Leda's Liquefaction      Hex/Erth       20%        N/A       4%          4
 Petrify                  Tmut/Erth      36%        N/A       8%          4
 Summon Forest            Summ/Tloc      23%        N/A       9%          5
 Summon Mana Viper        Hex/Summ       41%        N/A       14%         5
 Summon Cactus Giant      Summ           28%        N/A       16%         6
 Cause Fear               Hex            11%        N/A       24%         4
 Dispersal                Tloc           17%        N/A       80%         6
 Discord                  Hex            11%        N/A       100%        8
 Statue Form              Tmut/Erth      Unusable   N/A       N/A         6

Dungeon Overview and Level Annotations

Branches:
Dungeon (11/15)            Temple (1/1) D:5            Lair (5/5) D:8
 Shoals (0/4) Lair:2       Spider (0/4) Lair:3        Slime (0/5) Lair:4
    Orc: D:9-12

Altars:
Ashenzari
Cheibriados
Dithmenos
Elyvilon
Fedhas
Nemelex Xobeh
Okawaru
Qazlal
Ru
Sif Muna
Trog
Uskayaw
Vehumet
Wu Jian
Yredelemnul
Zin
The Shining One
Jiyva

Shops:
D:3 :   D:7 **!(   D:10 *

Annotations:
Lair:3 exclusion: boulder beetle


Innate Abilities, Weirdness & Mutations

You are immune to sickness and miasma.
Your stone body is resilient. (AC +9)
You are immune to poison.
You resist negative energy. (rN+)
You are resistant to electric shocks. (rElec)
You are resistant to unholy torment.
You are immune to petrification.


Message History

As you read the scroll of teleportation, it crumbles to dust.
You feel strangely unstable. The elephant barely misses you.
The elephant trunk-slaps you.
The seven-headed hydra completely misses you.
The seven-headed hydra bites you! The seven-headed hydra bites you.
The seven-headed hydra misses you. The seven-headed hydra bites you.
The seven-headed hydra closely misses you.
The seven-headed hydra bites you but does no damage.
The four-headed hydra bites you.
The four-headed hydra closely misses you.
The four-headed hydra bites you. x2
Unknown command.
Okay, then.
The elephant closely misses you. x2
The four-headed hydra closely misses you.
The four-headed hydra bites you!
* * * LOW HITPOINT WARNING * * *
The four-headed hydra closely misses you.
The four-headed hydra bites you but does no damage.
Unknown command.
The seven-headed hydra attacks as you move away!
The seven-headed hydra bites you but does no damage.
The seven-headed hydra barely misses you.
The seven-headed hydra bites you.
* * * LOW HITPOINT WARNING * * *
The seven-headed hydra bites you but does no damage. x2
The seven-headed hydra bites you.
* * * LOW HITPOINT WARNING * * *
The seven-headed hydra bites you but does no damage.
The elephant tramples you but does no damage.
The elephant trunk-slaps you but does no damage.
Unknown command.
The seven-headed hydra attacks as you move away!
The seven-headed hydra bites you but does no damage.
The seven-headed hydra closely misses you.
The seven-headed hydra misses you.
The seven-headed hydra barely misses you.
The seven-headed hydra bites you but does no damage.
The seven-headed hydra bites you.
You die...

#P..........## ### ##...
####...........P####.# ##..
.....)..............###########..
.................................
........................<........
................÷................
..................÷............[.
................DD>..............
....#..[....P##.@Y###..#####.....
....###.....###....##### #.P...
....###.....# ##....# ####...
...###......# ##...## ##......
..## ##.....#####....## #.......
...####.....÷##.......# #P......
......................####.......
......................#.#......#.
......................#..........


You could see a seven-headed hydra, a four-headed hydra and an elephant.

Vanquished Creatures
  Rupert (Lair:3)
  2 hydras (Lair:5)
  A catoblepas (Lair:3)
  3 two-headed ogres
  A death yak (Lair:3)
  12 elephants
  6 black mambas
  2 torpor snails
  9 cane toads
  An efreet (D:10)
  7 komodo dragons
  A rime drake (Lair:2)
  2 polar bears
  2 trolls
  3 blink frogs (Lair:4)
  A wraith (D:10)
  2 basilisks
  A vampire (D:11)
  3 wyverns
  26 yaks
  3 vampire mosquitoes (D:10)
  3 redbacks (Lair:3)
  13 water moccasins
  2 black bears (D:6)
  2 orc warriors
  2 sky beasts (D:7)
  2 ogres (D:7)
  8 wolves
  2 centaurs
  2 phantoms
  4 kobold brigands
  8 bullfrogs
  5 scorpions
  8 wights (D:7)
  6 killer bees
  3 howler monkeys
  An electric eel (Lair:2)
  3 jellies (Lair:4)
  4 orc priests
  3 hounds
  A gnoll bouda (D:6)
  Jessica (D:2)
  3 iguanas
  12 orc wizards
  4 gnolls (D:4)
  12 adders
  A shadow imp (D:6)
  A white imp (D:5)
  An ufetubus (D:4)
  A worm (D:3)
  6 dart slugs
  21 orcs
  5 bats
  7 endoplasms
  2 giant cockroaches
  3 goblins
  6 hobgoblins
  7 jackals
  14 kobolds
  4 quokkas
  2 ball pythons (D:2)
  3 frilled lizards
  3 rats
290 creatures vanquished.

Vanquished Creatures (collateral kills)
  A hydra (Lair:2)
1 creature vanquished.

Vanquished Creatures (others)
  21 fungi
  22 plants
43 creatures vanquished.

Grand Total: 334 creatures vanquished

Notes
Turn   | Place    | Note
-------+----------+-------------------------------------------
     0 | D:1      | MacCMillion the Gargoyle Earth Elementalist began the quest
                  | for the Orb.
     0 | D:1      | Reached XP level 1. HP: 10/10 MP: 3/3
   153 | D:1      | Reached skill level 4 in Earth Magic
   220 | D:1      | Reached XP level 2. HP: 15/15 MP: 3/5
   255 | D:1      | Found a faded altar of an unknown god.
   569 | D:1      | Reached skill level 5 in Earth Magic
   569 | D:1      | Reached XP level 3. HP: 19/19 MP: 3/6
   948 | D:2      | Reached skill level 1 in Conjurations
  1308 | D:2      | Reached XP level 4. HP: 24/24 MP: 5/7
  1776 | D:2      | You fall into a shaft and drop 2 floors!
  2014 | D:2      | Noticed Jessica
  2018 | D:2      | Killed Jessica
  2276 | D:3      | Found Obruowel's Book Shoppe.
  2452 | D:3      | Reached XP level 5. HP: 28/28 MP: 6/8
  2525 | D:3      | Reached skill level 6 in Earth Magic
  2903 | D:3      | Learned a level 3 spell: Stone Arrow
  3075 | D:3      | HP: 1/28 [iguana (2)]
  3592 | D:4      | Reached XP level 6. HP: 32/32 MP: 6/9
  3632 | D:4      | Found a sparkling altar of Nemelex Xobeh.
  3966 | D:4      | Reached skill level 7 in Earth Magic
  4275 | D:5      | Entered Level 5 of the Dungeon
  4393 | D:5      | Found a staircase to the Ecumenical Temple.
  4443 | Temple   | Entered the Ecumenical Temple
  4532 | Temple   | Became a worshipper of Vehumet
  4664 | D:5      | Reached XP level 7. HP: 23/36 MP: 0/10
  5203 | D:5      | Reached skill level 5 in Conjurations
  5203 | D:5      | Reached skill level 8 in Earth Magic
  5637 | D:5      | Found a stormy altar of Qazlal.
  5973 | D:6      | Reached skill level 9 in Earth Magic
  6096 | D:6      | Reached XP level 8. HP: 41/41 MP: 8/11
  6343 | D:6      | Reached skill level 10 in Earth Magic
  6343 | D:6      | Reached skill level 1 in Fighting
  7109 | D:6      | Found a snail-covered altar of Cheibriados.
  7408 | D:7      | Found Pyiletar's Antique Weapon Boutique.
  7414 | D:7      | Reached XP level 9. HP: 47/52 MP: 13/15
  7418 | D:6      | Reached * piety under Vehumet
  7418 | D:6      | Offered knowledge of Magic Dart by Vehumet.
  7543 | D:7      | Identified a scroll of acquirement
  7544 | D:7      | Acquired 805 gold pieces
  7573 | D:7      | Reached skill level 5 in Fighting
  7624 | D:7      | Reached skill level 5 in Spellcasting
  8147 | D:7      | Found Apunkugy's Assorted Antiques.
  8159 | D:7      | Found Ishrohet's Distillery.
  8164 | D:7      | Bought a potion of degeneration for 13 gold pieces
  8513 | D:7      | Found Fiexaett's General Store.
  8521 | D:7      | Bought a scroll of identify for 28 gold pieces
  8521 | D:7      | Bought a scroll of fog for 56 gold pieces
  9147 | D:8      | Noticed a two-headed ogre
  9149 | D:8      | Reached ** piety under Vehumet
  9172 | D:7      | Reached XP level 10. HP: 59/64 MP: 18/20
  9230 | D:8      | Found a staircase to the Lair.
  9249 | D:8      | Offered knowledge of Shock by Vehumet.
  9682 | D:8      | Killed a two-headed ogre
  9683 | D:8      | Reached skill level 5 in Stealth
 10647 | D:10     | Entered Level 10 of the Dungeon
 11077 | D:10     | Found Zin's Purification Station.
 11077 | D:10     | Found a glowing silver altar of Zin.
 11410 | D:10     | Noticed a gargoyle
 11900 | D:10     | Noticed a two-headed ogre
 11906 | D:10     | Killed a two-headed ogre
 11907 | D:10     | Reached skill level 10 in Fighting
 11907 | D:10     | Reached skill level 11 in Earth Magic
 11959 | D:10     | Learned a level 3 spell: Inner Flame
 12078 | D:11     | Reached XP level 11. HP: 72/72 MP: 20/23
 12102 | D:11     | Noticed a two-headed ogre
 12238 | D:11     | Reached skill level 1 in Hexes
 12238 | D:11     | Reached skill level 1 in Fire Magic
 12240 | D:11     | Offered knowledge of Scorch by Vehumet.
 12248 | D:11     | Learned a level 2 spell: Scorch
 12310 | D:11     | Killed a two-headed ogre
 12330 | D:11     | Noticed a skeletal warrior
 12583 | Lair:1   | Entered Level 1 of the Lair of Beasts
 12712 | Lair:1   | Reached skill level 1 in Evocations
 13324 | Lair:1   | Reached skill level 5 in Fire Magic
 13898 | Lair:2   | Found a staircase to the Shoals.
 14118 | Lair:2   | Noticed a seven-headed hydra
 14122 | Lair:2   | Killed a seven-headed hydra
 14493 | D:3      | Bought a book of the Wilderness for 494 gold pieces
 14860 | Lair:2   | Reached skill level 1 in Summonings
 15533 | Lair:3   | Identified the +4 leather armour "Wijagail" {Rampage Regen+
                  | Int+3 Dex-2}
 15617 | Lair:3   | Noticed a boulder beetle
 15728 | Lair:3   | Reached *** piety under Vehumet
 15909 | Lair:3   | Reached XP level 12. HP: 67/78 MP: 24/24
 16190 | Lair:3   | Found a hole to the Spider Nest.
 16210 | Lair:3   | Noticed Rupert
 16225 | Lair:3   | Killed Rupert
 16226 | Lair:3   | Reached skill level 5 in Summonings
 16359 | Lair:3   | Learned a level 3 spell: Teleport Other
 16429 | Lair:3   | Reached skill level 1 in Translocations
 16521 | Lair:3   | Noticed a catoblepas
 16528 | Lair:3   | Killed a catoblepas
 16556 | Lair:3   | Offered knowledge of Sticky Flame by Vehumet.
 16560 | Lair:3   | Noticed a death yak
 16576 | Lair:3   | Killed a death yak
 16635 | Lair:3   | Identified the +1 arbalest of Ulumohuf {flame, Str+4}
 16879 | Lair:4   | Reached skill level 5 in Translocations
 17142 | Lair:4   | Reached **** piety under Vehumet
 17317 | Lair:4   | Offered knowledge of Lightning Bolt by Vehumet.
 17535 | Lair:4   | Reached XP level 13. HP: 83/83 MP: 23/25
 17821 | Lair:4   | Found a staircase to the Slime Pits.
 17822 | Lair:4   | Found a viscous altar of Jiyva.
 18040 | Lair:5   | Entered Level 5 of the Lair of Beasts
 18137 | Lair:4   | Reached skill level 10 in Summonings
 18601 | Lair:4   | Slain by a seven-headed hydra

Illustrated notes

Levels and vault maps discovered:
D:1:      dpeg_arrival_leaves_temple_mockup, layout_rooms,
          hellmonk_ecumenical_altar_dog_temple, minmay_close_crescents
D:2:      layout_basic, uniq_jessica
D:3:      layout_rooms, serial_shops, nicolae_shop_behind_doors
D:4:      layout_basic, nemelex_spade_bored_becter
D:5:      layout_layer_cave, mainiacjoe_overflow_alcove_1, temple_pool_b
D:6:      minmay_chambers_of_fours, layout_loops_ring,
          mainiacjoe_overflow_chevrons
D:7:      layout_loops_ring, serial_shops, shop, shop, shop,
          nicolae_shop_hallway_plus
D:8:      layout_cave_pools, david_lair_shrubbed, serial_glass, glass_columns_a,
          glass_columns_b, glass_columns_c, glass_columns_c, glass_columns_a,
          glass_columns_a, glass_columns_a, glass_columns_b, glass_columns_b,
          glass_columns_a, kennysheep_donut
D:9:      layout_basic
D:10:     layout_roguey, zin_purify, serial_glass, glass_columns_b,
          glass_columns_a
D:11:     layout_roguey
Temple:   mainiacjoe_temple_bowtie_tessellation
Lair:1:   layout_cave_pods, infiniplex_staircase_pool
Lair:2:   layout_layer_cave, shoals_dummy_entry, nicolae_quartered_pool_impasse,
          chequers_serial_rivers_micro_d, serial_bayou_shore_a
Lair:3:   nzn_winding_woodlands_medium [nzn_winding_woodlands_5x5_default,
          nzn_winding_woodlands_5x15_jagged, nzn_winding_woodlands_5x5_cross,
          nzn_winding_woodlands_5x5_checkerboard,
          nzn_winding_woodlands_center_triple_pond,
          nzn_winding_woodlands_5x5_default, nzn_winding_woodlands_5x5_default,
          nzn_winding_woodlands_5x15_pockets, nzn_winding_woodlands_hourglass],
          layout_long_grid, spider_nest_entry_webs, uniq_rupert
Lair:4:   layout_hall_layers, nicolae_slime_entry_slimehenge
Lair:5:   hellmonk_lair_end_abyssal_woods, layout_misc_corridors

Skill      XL: |  1  2  3  4  5  6  7  8  9 10 11 12 13 |
---------------+----------------------------------------+-----
Earth Magic    | 4 5 6 7 9 10 11 | 11.0
Conjurations   | 1 2 3 4 5 |  5.0
Fighting       | 4 7 10 | 10.4
Spellcasting   | 4 6 8 |  8.0
Stealth        | 3 5 |  5.0
Hexes          | 3 |  3.0
Fire Magic     | 6 7 |  7.0
Evocations     | 3 |  3.0
Summonings     | 3 8 10 | 10.8
Translocations | 5 |  5.4
Dodging        | |  1.5
Transmutations | |  0.7

Action                   |  1- 3 |  4- 6 |  7- 9 | 10-12 | 13-15 || total
-------------------------+-------+-------+-------+-------+-------++-------
Melee: Unarmed           |    20 |       |       |       |       ||    20
       Dagger            |     2 |     1 |       |     8 |     4 ||    15
       Club              |       |     3 |     9 |       |       ||    12
       Morningstar       |       |       |    11 |       |       ||    11
 Cast: Sandblast         |    36 |    84 |   110 |    60 |     7 ||   297
       Stone Arrow       |       |       |    23 |   177 |    77 ||   277
       Inner Flame       |       |       |       |    19 |     7 ||    26
       Scorch            |       |       |       |     5 |       ||     5
Evoke: Wand              |       |       |     7 |    12 |     3 ||    22
       Phantom mirror    |       |       |       |     1 |       ||     1
  Use: Scroll            |       |     5 |    12 |     8 |     3 ||    28
       Potion            |       |       |       |     1 |       ||     1
 Stab: Sleeping          |       |       |       |     3 |       ||     3
Armor: Robe              |    18 |    15 |    19 |    36 |       ||    88
       Leather armour    |       |       |       |    42 |    59 ||   101
Dodge: Dodged            |    24 |    21 |    52 |    88 |    56 ||   241
Block: Other             |       |       |     7 |       |       ||     7
       Reflection        |       |       |     1 |       |       ||     1
